 Dungeon Crawl Stone Soup version 0.24-a0-7-g1bb0902669 (webtiles) character file.

Game seed: 17801877177728861348

24 Infinimo the Stinger (level 3, -3/24 HPs)
             Began as a Merfolk Venom Mage on Jan 31, 2019.
             Slain by a large abomination (22 damage)
             ... on level 1 of the Abyss.
             The game lasted 00:02:00 (1076 turns).

Infinimo the Stinger (Merfolk Venom Mage)           Turns: 1076, Time: 00:02:01

Health: -3/24      AC:  2    Str:  8    XL:     3   Next: 2%
Magic:  6/6        EV: 13    Int: 15    God:
Gold:   62         SH:  0    Dex: 14    Spells: 5/6 levels left

rFire    . . .     SeeInvis .   d - +2 dagger (drain)
rCold    . . .     Gourm    .   (no shield)
rNeg     . . .     Faith    .   a - +0 robe
rPois    .         Spirit   .   (no helmet)
rElec    .         Reflect  .   (no cloak)
rCorr    .         Harm     .   (no gloves)
MR       .....                  (no boots)
Stlth    ++........             (no amulet)
HPRegen  0.08/turn              (no ring)
MPRegen  0.10/turn              (no ring)

@: no status effects
A: change form in water, swift swim, stealthy swim
a: no special abilities


You were on level 1 of the Abyss.
You were not hungry.

You visited 1 branch of the dungeon, and saw 2 of its levels.
You visited the Abyss 1 time.

You collected 62 gold pieces.

Inventory:

Hand Weapons
 d - a +2 dagger of draining (weapon)
 j - a +0 spear of distortion
Armour
 a - a +0 robe (worn)
Jewellery
 g - an uncursed ring of flight {unknown}
Scrolls
 b - a scroll of teleportation {unknown}
 f - a scroll of immolation {unknown}
Potions
 e - 4 potions of curing {unknown}
 h - a potion of might {unknown}
 i - a potion of brilliance {unknown}
Comestibles
 c - 2 rations


   Skills:
 - Level 2.6 Dodging
 - Level 2.1 Stealth
 + Level 2.3 Spellcasting
 + Level 1.2 Conjurations
 * Level 4.0 Poison Magic


You had 5 spell levels left.
You knew the following spells:

 Your Spells              Type           Power        Failure   Level  Hunger
a - Sting                 Conj/Pois      #...         8%          1    #......

Your spell library contained the following spells:

 Spells                   Type           Power        Failure   Level  Hunger
 Poisonous Vapours        Pois/Air       #.....       14%         2    ###....
 Mephitic Cloud           Conj/Pois/Air  #.......     32%         3    ###....
 Olgreb's Toxic Radiance  Pois           ##......     38%         4    #####..
 Venom Bolt               Conj/Pois      #.........   90%         5    ######.


Dungeon Overview and Level Annotations

Branches:
Dungeon (2/15)

Altars:


Message History

Drop what? 10/52 slots (_ for help) (? for menu, Esc to quit)
Okay, then.
Unknown command.
Wield which item (- for none, * to show all)? (? for menu, Esc to quit)
Really unwield
j - a +0 spear of distortion?
You sense an unholy aura.
d - a +2 dagger of draining (weapon)
You are cast into the Abyss!
To return, you must find a gate leading back.
Killing monsters will force the Abyss to allow you passage.
This branch contains the abyssal rune of Zot.
A large abomination comes into view.
A large abomination is nearby!
A large abomination coalesces out of seething chaos.
You see here a runed scale mail.
The large abomination hits you!
A thrashing horror comes into view.
The large abomination hits you!!
Ouch! That really hurt!
You die...

#
###.....###....
. . # #.##....#
#..# . .
#....#..# .## .
# ...#### #
#...##.## # #..
#.§.#.# #.
##...#.#
##X..#.#
#@##§###
###...# ..##X#
..# .# ..## .#
.. # ..


You could see a large abomination.

Vanquished Creatures
  2 dart slugs (D:1)
  A giant cockroach (D:1)
  2 hobgoblins (D:1)
  5 bats (D:1)
  3 frilled lizards (D:1)
  4 goblins (D:1)
  2 kobolds (D:1)
  2 rats (D:1)
21 creatures vanquished.

Notes
Turn   | Place    | Note
-------+----------+-------------------------------------------
     0 | D:1      | Infinimo the Merfolk Venom Mage began the quest for the
                  | Orb.
     0 | D:1      | Reached XP level 1. HP: 13/13 MP: 3/3
   157 | D:1      | Reached skill level 1 in Conjurations
   196 | D:1      | Reached XP level 2. HP: 18/19 MP: 3/5
   840 | D:1      | Reached skill level 4 in Poison Magic
   840 | D:1      | Reached XP level 3. HP: 24/24 MP: 4/6
   996 | D:1      | Cast into level 1 of the Abyss (a distortion unwield)
  1019 | Abyss:1  | Noticed a large abomination
  1032 | Abyss:1  | Noticed a large abomination
  1074 | Abyss:1  | Noticed a thrashing horror
  1076 | Abyss:1  | Slain by a large abomination

Vault maps used:
D:1:      psy_arrival_fountain
D:2:      first_ration, grunt_ministairs_10

Skill      XL: |  1  2 |
---------------+-------+-----
Conjurations   | 1 |  1.2
Poison Magic   | 4 |  4.0
Dodging        | |  2.6
Stealth        | |  2.1
Spellcasting   | |  2.3

Action                   || total
-------------------------++-------
Melee: Unarmed           ||     4
       Dagger            ||     2
 Cast: Sting             ||    35
  Eat: Chunk             ||     1
Armor: Robe              ||     3
Dodge: Dodged            ||    10

Table legend:
 A = Non-vault XP
 B = Vault XP
 C = Vault XP percentage of total XP
 D = Non-vault monster count
 E = Vault monster count
 F = Vault count percentage of total count
                 A         B        C        D         E       F
            +---------+---------+-------+---------+---------+-------
      Total |      35 |       0 |   0.0 |      21 |       0 |   0.0
            +---------+---------+-------+---------+---------+-------
        D:1 |      35 |       0 |   0.0 |      21 |       0 |   0.0
            +---------+---------+-------+---------+---------+-------
